 Dungeon Crawl Stone Soup version 0.32-a0-30-gefbe487952 (webtiles) character file.

Game seed: 12784256616668858856

15546 cforsyth the Fighter (level 12, -6/110 HPs)
             Began as a Djinni Alchemist on Jan 20, 2024.
             Was a Believer of Nemelex Xobeh.
             Mangled by a troll (15 damage)
             ... on level 11 of the Dungeon.
             The game lasted 00:32:10 (12500 turns).

cforsyth the Fighter (Djinni Alchemist)            Turns: 12500, Time: 00:32:11

Health: -6/110     AC:  5    Str:  5    XL:     12   Next: 59%
Gold:   684        EV: 11    Int: 22    God:    Nemelex Xobeh [**....] SH:  0 Dex: 14

rFire   + + .        (no weapon)
rCold   x . .        (no shield)
rNeg    . . .        F - +0 troll leather armour
rPois   ∞            (helmet restricted)
rElec   .            e - +0 cloak
rCorr   .            E - +0 pair of gloves
SInv    .            (boots unavailable)
Will    ++...        (no amulet)
Stlth   ++           (no ring)
HPRegen 1.18/turn    (no ring)
MPRegen 0.00/turn

%: infuse magic (-7 HP)
@: radiating poison, flying
A: sickness immunity, fire resistance 2, cold vulnerability 1, float, innate
caster, HP casting, extra vitality 1, horns 1, strong-willed 1, robust 1, weak 1
a: Renounce Religion, Draw Escape, Draw Destruction, Draw Summoning


You were on level 11 of the Dungeon.
You worshipped Nemelex Xobeh.
Nemelex Xobeh was pleased with you.
You visited 2 branches of the dungeon, and saw 12 of its levels.
You also visited: Ossuary.

You collected 684 gold pieces.

Inventory:

Armour
 a - a +0 robe
 e - a +0 cloak (worn)
 u - a +2 helmet
 v - a +2 leather armour of fire resistance
 E - a +0 pair of gloves (worn)
 F - a +0 troll leather armour (worn)
Jewellery
 y - a ring of resist corrosion
 C - an amulet of the acrobat
 D - an amulet of reflection
 G - a +4 ring of protection
Wands
 l - a wand of polymorph (22)
 A - a wand of mindburst (6)
Scrolls
 b - 4 scrolls of enchant weapon {unknown}
 c - a scroll of revelation
 g - a scroll of brand weapon {unknown}
 h - 3 scrolls of poison {unknown}
 j - 4 scrolls of teleportation
 k - a scroll of fear {unknown}
 m - a scroll of enchant armour {unknown}
 n - 2 scrolls of fog {unknown}
 o - 4 scrolls of blinking {unknown}
 q - a scroll of amnesia {unknown}
 s - 5 scrolls of immolation {unknown}
 x - a scroll of torment {unknown}
Potions
 d - a potion of enlightenment
 f - 3 potions of brilliance
 i - a potion of cancellation
 p - 2 potions of lignification
 r - a potion of attraction
 t - a potion of heal wounds
 w - a potion of invisibility
 z - a potion of ambrosia
 B - 2 potions of haste {unknown}


   Skills:
 + Level 14.1 Fighting
 - Level 2.1 Dodging
 - Level 1.5 Stealth
 + Level 11.2 Spellcasting
 + Level 11.2 Conjurations
 + Level 11.2 Hexes
 + Level 11.2 Summonings
 + Level 11.2 Necromancy
 + Level 11.2 Translocations
 + Level 11.2 Fire Magic
 + Level 11.2 Ice Magic
 + Level 11.2 Air Magic
 + Level 11.2 Earth Magic
 + Level 11.2 Alchemy


You knew the following spells:

 Your Spells              Type           Power      Damage    Failure   Level
a - Sting                 Conj/Alch      100%       1d9       1%          1
b - Mercury Vapours       Alch/Air       100%       N/A       1%          2
c - Mephitic Cloud        Conj/Alch/Air  58%        N/A       1%          3
d - Olgreb's Toxic Radia  Alch           58%        N/A       1%          4
e - Sticky Flame          Fire/Alch      58%        2d10      1%          4
f - Slow                  Hex            100%       N/A       1%          1
g - Jinxbite              Hex            100%       N/A       1%          2
h - Static Discharge      Conj/Air       100%       3-8/arc   1%          2
i - Sigil of Binding      Hex            58%        N/A       1%          3
j - Dimensional Bullseye  Hex/Tloc       29%        N/A       1%          4
Your spell library was empty.

Dungeon Overview and Level Annotations

Branches:
Dungeon (11/15)            Temple (1/1) D:7            Lair (0/5) D:9
Ossuary (visited)
    Orc: D:9-12

Altars:
Ashenzari
Cheibriados
Dithmenos
Elyvilon
Fedhas
Gozag
Hepliaklqana
Makhleb
Nemelex Xobeh
Okawaru
Qazlal
Ru
Trog
Uskayaw
Wu Jian
Xom
Yredelemnul
Zin
The Shining One

Shops:
D:4 [   D:5 =   D:10 =   D:11 !


Innate Abilities, Weirdness & Mutations

You are immune to sickness and miasma.
You are immune to poison.
Your flesh is very heat resistant. (rF++)
You are vulnerable to cold. (rC-)
You float through the air rather than walking.
You learn spells naturally, not from books.
Your magical power is your life essence.
You have superior vitality. (+4 MHP)
You have a pair of small horns on your head.
You are strong-willed. (Will+)
You are robust. (+10% HP)
You are weak. (Str -2)


Message History

The troll shouts!
A troll is nearby!
A troll is nearby!
A troll is nearby!
A troll is nearby!
You can't see any susceptible monsters within range! (Use Z to cast anyway.)
You can't see any susceptible monsters within range! (Use Z to cast anyway.)
You can't see any susceptible monsters within range! (Use Z to cast anyway.)
Found a book of Dreams.
You can't see any susceptible monsters within range! (Use Z to cast anyway.)
You can't see any susceptible monsters within range! (Use Z to cast anyway.)
You can't see any susceptible monsters within range! (Use Z to cast anyway.)
The sting misses the troll.
A gargoyle comes into view. It is wielding a +0 mace.
The sting hits the troll but does no damage.
The troll is poisoned.
The sting hits the troll.
The troll looks even sicker.
The troll is lightly wounded.
The sting hits the troll.
The troll looks even sicker.
The troll is moderately wounded.
The troll bites you. The troll claws you! The troll claws you.
Casting: Sting (safe; 1% risk of failure)
Confirm with . or Enter, or press ? or * to list all spells.
You begin to radiate toxic energy.
The gargoyle hurls a stone arrow at you.
The stone arrow hits you!! The troll bites you but does no damage.
The troll closely misses you. The troll claws you but does no damage.
Casting: Olgreb's Toxic Radiance (mildly dangerous; 1% risk of failure)
Confirm with . or Enter, or press ? or * to list all spells.
Your toxic radiance grows in intensity.
The troll looks as sick as possible!
The troll bites you! The troll claws you. x2
Casting: Olgreb's Toxic Radiance (mildly dangerous; 1% risk of failure)
Confirm with . or Enter, or press ? or * to list all spells.
Your toxic radiance grows in intensity.
The troll looks as sick as possible!
The gargoyle hurls a stone arrow at you.
The stone arrow hits you!!
* * * LOW HITPOINT WARNING * * *
The troll bites you!
You die...
Your body disappears without a glow.

#...........# ###
#.......(...# ##..
#...........# #.##
............# ##.#.
............# #..#.
............# ##..#.
....?..T....# #...##
....9..@....#######.##..
#:......................
#...........############
#...........#
###.######### #. #


You could see a troll (extremely poisoned) and a gargoyle.

Vanquished Creatures
  A two-headed ogre (D:10)
  9 death yaks
  An ugly thing (D:11)
  An orc sorcerer (D:8)
  Maurice (D:8)
  A manticore (D:11)
  Jeremiah (D:7)
  2 trolls (D:10)
  Prince Ribbit (D:7)
  5 slime creatures (D:11)
  A shadow (D:9)
  3 wyverns
  A wraith (D:11)
  Eustachio (D:4)
  9 yaks (D:10)
  A steam dragon (D:8)
  An acid dragon (D:10)
  A water moccasin (D:8)
  A black bear (D:5)
  2 orc warriors
  2 ogres
  3 centaurs
  A phantom (D:7)
  6 elf zombies (Ossuary)
  A kobold brigand (D:9)
  A bullfrog (D:9)
  2 scorpions
  13 wights
  15 killer bees
  2 electric eels (D:8)
  3 howler monkeys
  4 centaur zombies (Ossuary)
  A human zombie (Ossuary)
  2 jellies
  3 hounds
  3 orc priests
  A gnoll bouda (D:6)
  4 iguanas
  17 orc wizards
  A sleepcap (D:5)
  3 mummies (Ossuary)
  Robin (D:3)
  4 adders
  3 gnolls (D:6)
  2 white imps
  2 ribbon worms (D:4)
  A dart slug (D:1)
  32 orcs
  4 ball pythons
  6 bats
  7 endoplasms
  3 giant cockroaches
  11 goblins (D:3)
  9 hobgoblins
  2 jackals (D:1)
  12 kobolds
  3 quokkas
  A frilled lizard (D:1)
  6 rats
241 creatures vanquished.

Notes
Turn   | Place    | Note
-------+----------+-------------------------------------------
     0 | D:1      | cforsyth the Djinni Alchemist began the quest for the Orb.
     0 | D:1      | cforsyth set off with the following spells memorised:
                  | Sting, Mercury Vapours, Mephitic Cloud, Olgreb's Toxic
                  | Radiance, Sticky Flame.
     0 | D:1      | Reached XP level 1. HP: 15/15 MP: 0/0
    57 | D:1      | Reached XP level 2. HP: 20/22 MP: 0/0
   110 | D:1      | Reached skill level 1 in Fighting
   213 | D:1      | Reached XP level 3. HP: 9/27 MP: 0/0
   213 | D:1      | Learned a level 1 spell: Slow
   802 | D:2      | Reached skill level 2 in Fighting
   957 | D:2      | Reached XP level 4. HP: 32/34 MP: 0/0
  1496 | D:3      | Noticed Robin
  1502 | D:3      | Killed Robin
  1616 | D:3      | Reached XP level 5. HP: 39/40 MP: 0/0
  1616 | D:3      | Learned a level 2 spell: Jinxbite
  1874 | D:3      | Found a faded altar of an unknown god.
  2069 | D:3      | Reached skill level 3 in Fighting
  2193 | D:4      | Noticed Eustachio
  2206 | D:4      | Killed Eustachio
  2207 | D:4      | Reached skill level 4 in Fighting
  2207 | D:4      | Reached XP level 6. HP: 35/47 MP: 0/0
  2338 | D:4      | Found a shimmering altar of Xom.
  2581 | D:4      | Found Hychese's Armour Shoppe.
  2766 | D:4      | Found an ornate altar of the Wu Jian Council.
  2835 | D:5      | Entered Level 5 of the Dungeon
  2842 | D:5      | Reached XP level 7. HP: 49/53 MP: 0/0
  2842 | D:5      | Learned a level 2 spell: Static Discharge
  2863 | D:5      | Reached skill level 5 in Fighting
  2863 | D:5      | Reached skill level 5 in Spellcasting
  2863 | D:5      | Reached skill level 5 in Conjurations
  2863 | D:5      | Reached skill level 5 in Hexes
  2863 | D:5      | Reached skill level 5 in Summonings
  2863 | D:5      | Reached skill level 5 in Necromancy
  2863 | D:5      | Reached skill level 5 in Translocations
  2863 | D:5      | Reached skill level 5 in Fire Magic
  2863 | D:5      | Reached skill level 5 in Ice Magic
  2863 | D:5      | Reached skill level 5 in Air Magic
  2863 | D:5      | Reached skill level 5 in Earth Magic
  2863 | D:5      | Reached skill level 5 in Alchemy
  2979 | D:5      | Found a sparkling altar of Nemelex Xobeh.
  3019 | D:5      | Found a blossoming altar of Fedhas.
  3224 | D:5      | Found a hide-covered altar of Uskayaw.
  3228 | D:5      | Found Biuqala's Jewellery Boutique.
  3297 | D:5      | Found a snail-covered altar of Cheibriados.
  3304 | D:5      | Found a glowing golden altar of the Shining One.
  3372 | D:5      | Found a burning altar of Makhleb.
  3374 | D:5      | Found a stormy altar of Qazlal.
  3374 | D:5      | Found a sacrificial altar of Ru.
  3506 | D:6      | Reached XP level 8. HP: 42/61 MP: 0/0
  3728 | D:6      | Reached skill level 6 in Fighting
  4508 | D:7      | Reached skill level 7 in Fighting
  4512 | D:7      | Found a sand-covered staircase.
  4604 | D:7      | Noticed a wyvern
  4606 | Ossuary  | Entered an ossuary
  4910 | Ossuary  | Reached XP level 9. HP: 48/68 MP: 0/0
  4910 | Ossuary  | Learned a level 3 spell: Sigil of Binding
  5319 | Ossuary  | Reached skill level 8 in Fighting
  5732 | D:7      | Found a staircase to the Ecumenical Temple.
  5747 | Temple   | Entered the Ecumenical Temple
  5877 | D:5      | Became a worshipper of Nemelex Xobeh the Trickster
  6014 | D:7      | Noticed Prince Ribbit
  6023 | D:7      | Killed Prince Ribbit
  6116 | D:7      | Found an iron altar of Okawaru.
  6162 | D:7      | Reached skill level 9 in Fighting
  6361 | D:7      | Found a shadowy altar of Dithmenos.
  6495 | D:7      | Noticed Jeremiah
  6503 | D:7      | Killed Jeremiah
  6656 | D:8      | Gained mutation: You are strong-willed. (Will+) [potion of
                  | mutation]
  6656 | D:8      | Gained mutation: You are weak. (Str -2) [potion of
                  | mutation]
  6656 | D:8      | Gained mutation: You are robust. (+10% HP) [potion of
                  | mutation]
  6656 | D:8      | Gained mutation: You have a pair of small horns on your
                  | head. [potion of mutation]
  6657 | D:8      | Reached XP level 10. HP: 70/85 MP: 0/0
  6820 | D:8      | Found a broken altar of Ashenzari.
  6984 | D:8      | Noticed Maurice
  6992 | D:8      | Noticed an orc sorcerer
  6994 | D:8      | Something stole 361 gold
  6997 | D:8      | Killed an orc sorcerer
  6997 | D:8      | Something stole 40 gold
  6998 | D:8      | Reached skill level 10 in Fighting
  7289 | D:8      | Found an opulent altar of Gozag.
  7313 | D:8      | Reached * piety under Nemelex Xobeh
  7383 | D:8      | Found a transporter.
  7384 | D:8      | Found a transporter.
  7817 | D:8      | Found a transporter.
  7823 | D:8      | Found a transporter.
  7825 | D:8      | Found a transporter.
  7829 | D:8      | Found a transporter.
  7888 | D:9      | Received a gift from Nemelex Xobeh
  7946 | D:9      | Noticed a death yak
  7946 | D:9      | Noticed a death yak
  7946 | D:9      | Noticed a death yak
  7946 | D:9      | Noticed a death yak
  7947 | D:9      | Noticed a death yak
  7947 | D:9      | Noticed a death yak
  7947 | D:9      | Noticed a death yak
  7948 | D:9      | Noticed a death yak
  7960 | D:9      | Reached skill level 11 in Fighting
  7964 | D:9      | HP: 3/90 [death yak (27)]
  7974 | D:8      | Killed a death yak
  7975 | D:8      | Reached XP level 11. HP: 19/95 MP: 0/0
  7975 | D:8      | Learned a level 4 spell: Dimensional Bullseye
  8517 | D:9      | Noticed a death yak
  8533 | D:9      | Killed a death yak
  8533 | D:9      | Killed a death yak
  8534 | D:9      | Reached skill level 12 in Fighting
  8536 | D:9      | Killed a death yak
  8540 | D:9      | Killed a death yak
  9104 | D:8      | Killed a death yak
  9105 | D:8      | Reached skill level 10 in Spellcasting
  9105 | D:8      | Reached skill level 10 in Conjurations
  9105 | D:8      | Reached skill level 10 in Hexes
  9105 | D:8      | Reached skill level 10 in Summonings
  9105 | D:8      | Reached skill level 10 in Necromancy
  9105 | D:8      | Reached skill level 10 in Translocations
  9105 | D:8      | Reached skill level 10 in Fire Magic
  9105 | D:8      | Reached skill level 10 in Ice Magic
  9105 | D:8      | Reached skill level 10 in Air Magic
  9105 | D:8      | Reached skill level 10 in Earth Magic
  9105 | D:8      | Reached skill level 10 in Alchemy
  9105 | D:8      | Killed a death yak
  9675 | D:8      | Killed a death yak
  9798 | D:8      | Killed Maurice
  9916 | D:8      | Killed a death yak
  9917 | D:8      | Reached skill level 13 in Fighting
  9917 | D:8      | Reached XP level 12. HP: 68/107 MP: 0/0
 10044 | D:9      | Found a staircase to the Lair.
 10431 | D:9      | Found a staircase to the Lair.
 10593 | D:10     | Entered Level 10 of the Dungeon
 10813 | D:10     | Reached ** piety under Nemelex Xobeh
 10969 | D:10     | Noticed a two-headed ogre
 10984 | D:10     | Killed a two-headed ogre
 11080 | D:10     | Found Dueshrokk's Jewellery Emporium.
 12317 | D:11     | Reached skill level 14 in Fighting
 12458 | D:11     | Found Ylygot's Distillery.
 12500 | D:11     | Mangled by a troll

Illustrated notes

Levels and vault maps discovered:
D:1:      lightli_arrival_boilingwater, layout_rooms
D:2:      layout_loops_ring
D:3:      layout_loops_ring, dreamdust_ecumenical_altar_angels_and_demons,
          minmay_strange_pillars, minmay_quadrilaterals, uniq_robin
D:4:      layout_gridville, mainiacjoe_overflow_concentric_impassable,
          nicolae_wu_jian_wuxing_cycle, serial_shops, nicolae_shop_tiny_glass,
          minmay_liquid_box, uniq_eustachio
D:5:      layout_basic, mainiacjoe_overflow_boulevard,
          mainiacjoe_overflow_paths, nicolae_overflow_crystal_walls,
          grunt_temple_overflow_open, hellmonk_sif_muna_bookshelves,
          minmay_shop_enchanted_jewellery, minmay_misc_feat_five
D:6:      layout_cave_pools, hangedman_decor_points
D:7:      layout_basic, overflow_temple_1_default, grunt_dithmenos_shadows,
          minmay_temple_entry_antechambers, chequers_ossuary_entry_cave,
          uniq_jeremiah, uniq_prince_ribbit1
D:8:      cheibrodos_wizards_tower, layout_gridville,
          mainiacjoe_overflow_24_doors, nicolae_overflow_two_pavilions,
          hangedman_decor_riveting, minivault_27, serial_nicolae_subway,
          nicolae_sub_station_crystal, nicolae_sub_station_stone,
          nicolae_sub_station_metal, uniq_maurice
D:9:      layout_cave_pools, dpeg_lair_monsters
D:10:     lemuel_troll_bridge, layout_cave_pools, serial_shops,
          nicolae_stop_n_shop_1
D:11:     layout_basic, nicolae_take_the_stairs, nicolae_nh_vlads_tower
Temple:   nicolae_temple_stand_before_the_council

Skill      XL: |  1  2  3  4  5  6  7  8  9 10 11 12 |
---------------+-------------------------------------+-----
Fighting       | 1 2 4 5 7 9 11 13 14 | 14.1
Spellcasting   | 4 5 6 7 9 10 11 | 11.2
Conjurations   | 4 5 6 7 9 10 11 | 11.2
Hexes          | 4 5 6 7 9 10 11 | 11.2
Summonings     | 4 5 6 7 9 10 11 | 11.2
Necromancy     | 4 5 6 7 9 10 11 | 11.2
Translocations | 4 5 6 7 9 10 11 | 11.2
Fire Magic     | 4 5 6 7 9 10 11 | 11.2
Ice Magic      | 4 5 6 7 9 10 11 | 11.2
Air Magic      | 4 5 6 7 9 10 11 | 11.2
Earth Magic    | 4 5 6 7 9 10 11 | 11.2
Alchemy        | 4 5 6 7 9 10 11 | 11.2
Dodging        | |  2.1
Stealth        | |  1.5

Action                     |  1- 3 |  4- 6 |  7- 9 | 10-12 || total
---------------------------+-------+-------+-------+-------++-------
  Melee: Unarmed           |     1 |       |       |     3 ||     4
   Cast: Sting             |    62 |    70 |   139 |    59 ||   330
         Mephitic Cloud    |       |     4 |    16 |    40 ||    60
         Olgreb's Toxic Ra |       |     1 |    12 |    71 ||    84
         Sticky Flame      |       |       |    46 |    68 ||   114
         Mercury Vapours   |       |       |     1 |       ||     1
    Use: Scroll            |       |       |    11 |     2 ||    13
         Potion            |       |       |     1 |     1 ||     2
 Armour: Robe              |    12 |    12 |    17 |       ||    41
         Leather armour    |       |       |    35 |    65 ||   100
         Troll leather arm |       |       |       |    32 ||    32
  Dodge: Dodged            |    26 |     8 |    50 |    60 ||   144

Table legend: (Time is in decaauts)
 A = Elapsed time spent in this place.
 B = Non-inter-level travel time spent in this place.
 C = Inter-level travel time spent in this place.
 D = Time resting spent in this place.
 E = Time spent auto-exploring this place.
 F = Levels seen in this place.
 G = Mean time per level.
                   A        B        C        D        E       F      G
               +--------+--------+--------+--------+--------+-----+--------+
         Total |  12530 |  11676 |    854 |   2130 |   7568 |  13 |  963.8 |
       Dungeon |  11540 |  10698 |    842 |   1651 |   7278 |  11 | 1049.1 |
        Temple |     38 |     26 |     12 |      0 |      8 |   1 |   38.0 |
       Ossuary |    951 |    951 |      0 |    479 |    282 |   1 |  951.0 |
               +--------+--------+--------+--------+--------+-----+--------+

Top non-repeatable levels by time:
     D:8: 2694 daAuts
     D:7: 1528 daAuts
     D:3: 969 daAuts
    D:10: 964 daAuts
 Ossuary: 951 daAuts
     D:6: 949 daAuts
     D:9: 908 daAuts
     D:5: 770 daAuts
     D:4: 743 daAuts
     D:2: 717 daAuts
    D:11: 694 daAuts
     D:1: 598 daAuts
  Temple: 38 daAuts
